 Dungeon Crawl Stone Soup version 0.23.2-33-g5129a83184 (webtiles) character file.

Game seed: 16502649067926423513

26715 t4s4d4r the Grappler (level 13, -2/137 HPs)
             Began as an Ogre Transmuter on July 15, 2019.
             Was a High Priest of Sif Muna.
             Slain by a freezing wraith (6 damage)
             ... in an ice cave.
             The game lasted 00:42:23 (24994 turns).

t4s4d4r the Grappler (Ogre Transmuter)             Turns: 24994, Time: 00:42:24

Health: -2/137     AC:  8    Str: 17    XL:     13   Next: 27%
Magic:  16/22      EV:  9    Int: 18    God:    Sif Muna [*****.]
Gold:   664        SH:  0    Dex:  9    Spells: 3/24 levels left

rFire    x . .     SeeInvis .     - Unarmed
rCold    + . .     Gourm    .   (shield currently unavailable)
rNeg     . . .     Faith    +   P - +3 troll leather armour
rPois    .         Spirit   .   (helmet restricted)
rElec    .         Reflect  .   (no cloak)
rCorr    .         Harm     .   (gloves unavailable)
MR       +....                  (boots unavailable)
Stlth    ++........             D - amulet of faith
HPRegen  0.72/turn              Q - +5 ring of slaying
MPRegen  0.18/turn              L - ring of ice

@: blade hands, slowed, divine energy, very slow
A: large, unfitting armour, tough skin 1
a: End Transformation, Stop Divine Energy, Channel Magic, Forget Spell, Renounce
Religion


You were in an ice cave.
You worshipped Sif Muna.
Sif Muna was extremely pleased with you.
You were not hungry.
You had blades for hands.
You visited 3 branches of the dungeon, and saw 16 of its levels.
You also visited: Ice Cave.

You collected 664 gold pieces.

Inventory:

Missiles
 a - 185 arrows
 l - 2 throwing nets
 p - 317 stones (quivered)
Armour
 j - a scarf of spirit shield
 G - the +1 robe "Xocorhokh" {Int+4 Slay+3 Stlth+}
   (You found it on level 9 of the Dungeon)

   It affects your intelligence (+4).
   It affects your accuracy and damage with ranged weapons and melee attacks
   (+3).
   It makes you more stealthy.
 P - a +3 troll leather armour (worn)
Jewellery
 h - an uncursed ring of resist corrosion
 m - an uncursed ring of fire
 y - an uncursed ring of flight
 B - an uncursed amulet of guardian spirit {unknown}
 C - a +4 ring of strength
 D - an amulet of faith (around neck)
 H - an uncursed amulet of the gourmand {unknown}
 L - a ring of ice (right scythe-like blade)
 Q - a +5 ring of slaying (left scythe-like blade)
 S - a +5 amulet of reflection {unknown}
 U - an uncursed ring of protection from fire {unknown}
Wands
 s - a wand of random effects (28)
 v - a wand of acid (6)
 x - a wand of flame (10)
 K - a wand of iceblast (5)
 T - a wand of paralysis (2)
Scrolls
 b - 2 scrolls of holy word {unknown}
 c - 4 scrolls of teleportation
 o - 5 scrolls of immolation
 q - 4 scrolls of amnesia
 u - 3 scrolls of magic mapping
 w - 3 scrolls of remove curse
 A - a scroll of silence {unknown}
 F - 3 scrolls of blinking
 I - a scroll of vulnerability {unknown}
 J - a scroll of identify
 M - 2 scrolls of fog
 O - a scroll of summoning {unknown}
Potions
 e - a potion of berserk rage {unknown}
 f - a potion of magic {unknown}
 g - 2 potions of lignification {unknown}
 i - a potion of cancellation
 k - 10 potions of curing
 n - 4 potions of haste
 r - 3 potions of flight
 t - 2 potions of mutation
 z - 3 potions of brilliance
 E - 3 potions of might
 N - 2 potions of heal wounds
 R - a potion of agility {unknown}
Comestibles
 d - 16 rations


   Skills:
 - Level 11.5 Fighting
 - Level 1.7 Dodging
 - Level 5.1 Stealth
 - Level 12.8 Unarmed Combat
 + Level 6.3 Spellcasting
 - Level 10.2 Transmutations
 - Level 3.0 Ice Magic
 - Level 2.2 Poison Magic
 - Level 3.3 Evocations


You had 3 spell levels left.
You knew the following spells:

 Your Spells              Type           Power        Failure   Level  Hunger
a - Beastly Appendage     Tmut           #####.       9%          1    None
b - Sticks to Snakes      Tmut           #####...     10%         2    None
c - Spider Form           Tmut/Pois      ####......   26%         3    ##.....
d - Ice Form              Ice/Tmut       #####...     45%         4    ####...
e - Blade Hands           Tmut           #####.....   36%         5    #####..
f - Animate Skeleton      Necr           N/A          54%         1    None
g - Apportation           Tloc           #.....       54%         1    None
h - Confusing Touch       Hex            #.....       54%         1    None
i - Ozocubu's Armour      Chrm/Ice       ###.....     65%         3    ##.....

Your spell library contained the following spells:

 Spells                   Type           Power        Failure   Level  Hunger
 Freeze                   Ice            ###.         30%         1    None
 Summon Small Mammal      Summ           #...         54%         1    None
 Call Imp                 Summ           #.......     65%         2    None
 Metabolic Englaciation   Hex/Ice        ###.......   99%         5    #####..
 Freezing Cloud           Conj/Ice/Air   ##........   100%        6    #######
 Simulacrum               Ice/Necr       ###.......   100%        6    #######


Dungeon Overview and Level Annotations

Branches:
Dungeon (12/15)            Temple (1/1) D:6            Lair (3/6) D:11
 Shoals (0/4) Lair:2          Orc (0/2) D:9
  Snake: Lair:2-4    Spider: Lair:2-4

Altars:
Ashenzari
Elyvilon
Hepliaklqana
Kikubaaqudgha
Makhleb
Nemelex Xobeh
Okawaru
Qazlal
Ru
Sif Muna
Vehumet
Wu Jian
Xom
Yredelemnul
Zin

Shops:
D:5 [   D:10 [

Annotations:
D:11 1 exclusion
D:12 1 runed translucent door


Innate Abilities, Weirdness & Mutations

You are too large for most types of armour.
You have tough skin. (AC +1)


Message History

The freezing wraith is heavily damaged.
The freezing wraith hits you. The freezing wraith freezes you! You resist.
The freezing wraith hits you but does no damage.
Casting: Blade Hands (safe; 6% risk of failure)
Confirm with . or Enter, or press ? or * to list all spells.
Your hands turn into razor-sharp scythe blades.
The freezing wraith hits you!
* * * LOW HITPOINT WARNING * * *
The freezing wraith freezes you. You resist.
* * * LOW HITPOINT WARNING * * *
The freezing wraith hits you!
* * * LOW HITPOINT WARNING * * *
You hit the freezing wraith but do no damage.
The freezing wraith is heavily damaged.
The freezing wraith hits you.
* * * LOW HITPOINT WARNING * * *
The freezing wraith freezes you! You resist.
* * * LOW HITPOINT WARNING * * *
The freezing wraith hits you.
You die...

#.......#
#...∩...# ###
##.....## ..##
##...##
###...### ##...#
##.......##
#...##
#.........(
#...##
#.........[
##...##
#.........#
##...#
##..@W....#
##..#
##..###.....#
##..## #..###
###.. #..##
##...###
##..####
##....###
#.#....#.##
###....##
..........##
###...###
...........##
###...###
............####
###...##


You could see a freezing wraith.

Vanquished Creatures
  Fannar (D:11)
  Harold (D:7)
  A hydra (D:11)
  4 two-headed ogres
  A death yak (D:11)
  2 unseen horrors (D:11)
  2 centaur zombies (D:12)
  A black mamba (Lair:1)
  Psyche (D:11)
  2 spiny frogs (Lair:2)
  A kobold demonologist (D:11)
  3 komodo dragons
  6 freezing wraiths (IceCv)
  2 merfolk (Lair:2)
  2 wolf spider simulacra (IceCv)
  A troll (D:12)
  4 blink frogs (Lair:1)
  3 hippogriffs
  2 dream sheep (D:11)
  A vampire (D:10)
  3 wraiths
  3 wyverns
  18 yaks
  A basilisk (Lair:3)
  2 hungry ghosts
  A steam dragon (D:10)
  Edmund (D:4)
  6 water moccasins
  A soldier ant (D:11)
  6 porcupines
  7 ice beasts
  5 sky beasts
  A meliai simulacrum (D:11)
  4 phantoms
  5 orc warriors
  A black bear (D:8)
  6 ogres
  4 wolves (Lair:2)
  3 necrophages
  3 centaurs
  2 big kobolds (D:11)
  A gnoll sergeant (D:5)
  11 bullfrogs
  4 scorpions
  2 troll zombies (D:9)
  4 killer bees (D:10)
  9 wights
  4 howler monkeys
  4 crimson imps
  4 bullfrog zombies
  A quasit (D:12)
  5 jellies
  5 orc priests
  10 hounds
  2 bullfrog skeletons
  2 centaur skeletons
  6 orc wizards
  Terence (D:2)
  3 iguanas
  13 worker ants
  A polar bear simulacrum (IceCv)
  A wolf simulacrum (IceCv)
  6 ogre zombies (D:9)
  A hound skeleton (D:8)
  A mummy (D:6)
  A howler monkey zombie (D:5)
  A worker ant zombie (D:10)
  15 gnolls
  12 adders
  4 shadow imps
  17 white imps
  An ooze (D:4)
  5 worms
  2 dart slugs (D:2)
  7 leopard geckos
  33 orcs
  7 bats
  5 giant cockroaches
  6 hobgoblins
  22 jackals
  6 quokkas
  2 ball pythons (D:4)
  6 frilled lizards
  9 goblins
  A goblin skeleton (D:9)
  4 goblin zombies
  A hobgoblin skeleton (D:9)
  A hobgoblin zombie (D:9)
  10 kobolds
  A leopard gecko skeleton (D:6)
  5 orc skeletons (D:9)
  15 orc zombies
  A quokka zombie (D:7)
  4 rats
429 creatures vanquished.

Vanquished Creatures (collateral kills)
  A wyvern zombie (D:8)
1 creature vanquished.

Vanquished Creatures (others)
  4 fungi
4 creatures vanquished.

Grand Total: 434 creatures vanquished

Notes
Turn   | Place    | Note
-------+----------+-------------------------------------------
     0 | D:1      | t4s4d4r the Ogre Transmuter began the quest for the Orb.
     0 | D:1      | Reached XP level 1. HP: 19/19 MP: 3/3
   136 | D:1      | Reached skill level 3 in Unarmed Combat
   441 | D:1      | Reached XP level 2. HP: 27/27 MP: 3/5
   920 | D:1      | Reached XP level 3. HP: 33/33 MP: 4/6
  1312 | D:1      | Learned a level 2 spell: Sticks to Snakes
  1316 | D:1      | Learned a level 3 spell: Spider Form
  1541 | D:1      | Reached skill level 4 in Unarmed Combat
  1634 | D:2      | Noticed Terence
  1641 | D:2      | Killed Terence
  1641 | D:2      | Reached XP level 4. HP: 36/41 MP: 0/7
  2126 | D:2      | Found a faded altar of an unknown god.
  2383 | D:2      | Reached skill level 5 in Unarmed Combat
  2387 | D:2      | Reached XP level 5. HP: 38/48 MP: 5/8
  2617 | D:2      | Found a radiant altar of Vehumet.
  4066 | D:3      | Found a white marble altar of Elyvilon.
  4166 | D:3      | Found a sacrificial altar of Ru.
  4303 | D:4      | Noticed Edmund
  4325 | D:4      | Killed Edmund
  4325 | D:4      | Reached XP level 6. HP: 49/62 MP: 7/9
  4592 | D:4      | Reached XP level 7. HP: 63/71 MP: 7/11
  4943 | D:4      | Reached skill level 6 in Unarmed Combat
  5036 | D:4      | Found an ornate altar of the Wu Jian Council.
  5687 | D:5      | Entered Level 5 of the Dungeon
  5975 | D:5      | Found Zuacraha's Armour Boutique.
  6249 | D:5      | Reached skill level 7 in Unarmed Combat
  6249 | D:5      | Reached XP level 8. HP: 52/79 MP: 8/12
  6988 | D:5      | Reached skill level 8 in Unarmed Combat
  7226 | D:5      | Reached skill level 5 in Fighting
  7244 | D:5      | Found a basalt altar of Yredelemnul.
  8067 | D:6      | Found a staircase to the Ecumenical Temple.
  8075 | Temple   | Entered the Ecumenical Temple
  8178 | Temple   | Became a worshipper of Sif Muna the Loreminder
  8371 | D:6      | Reached XP level 9. HP: 69/97 MP: 9/13
  9356 | D:6      | Found a basalt altar of Yredelemnul.
  9497 | D:6      | Reached skill level 9 in Unarmed Combat
  9796 | D:7      | Noticed Harold
  9811 | D:7      | Killed Harold
  9811 | D:7      | Reached skill level 10 in Unarmed Combat
 10444 | D:7      | Found a sacrificial altar of Ru.
 10588 | D:7      | Reached XP level 10. HP: 99/106 MP: 12/14
 10766 | D:7      | Reached skill level 5 in Transmutations
 10827 | D:7      | Reached * piety under Sif Muna
 10831 | D:7      | Reached skill level 1 in Poison Magic
 11218 | D:7      | Found a glowing silver altar of Zin.
 11604 | D:8      | Found a deep blue altar of Sif Muna.
 12207 | D:8      | Reached skill level 1 in Evocations
 13167 | D:9      | Got a ripped robe
 13193 | D:9      | Identified the cursed +1 robe "Xocorhokh" {Int+4 Slay+3
                  | Stlth+} (You found it on level 9 of the Dungeon)
 13218 | D:9      | Learned a level 4 spell: Ice Form
 13224 | D:9      | Learned a level 5 spell: Blade Hands
 13545 | D:9      | Found a stormy altar of Qazlal.
 13629 | D:9      | Found a staircase to the Orcish Mines.
 13729 | D:9      | Reached skill level 11 in Unarmed Combat
 14022 | D:9      | Reached skill level 1 in Ice Magic
 14050 | D:9      | Reached ** piety under Sif Muna
 14923 | D:10     | Entered Level 10 of the Dungeon
 15065 | D:10     | Reached XP level 11. HP: 115/115 MP: 10/15
 15613 | D:10     | Found Caicien's Antique Armour Boutique.
 16189 | D:11     | Noticed a two-headed ogre
 16208 | D:10     | Killed a two-headed ogre
 16208 | D:10     | Reached *** piety under Sif Muna
 16455 | D:11     | Found a staircase to the Lair.
 16455 | D:11     | Noticed a death yak
 16455 | D:11     | Noticed a death yak
 16455 | D:11     | Noticed a death yak
 16455 | D:11     | Noticed Fannar
 16942 | D:11     | Killed Fannar
 17282 | D:11     | HP: 3/115 [something (6)]
 17287 | D:11     | Killed an unseen horror
 17752 | D:11     | Killed a death yak
 18163 | D:11     | Killed an unseen horror
 18514 | D:11     | Noticed a six-headed hydra
 18625 | D:11     | Reached XP level 12. HP: 103/124 MP: 12/16
 18826 | D:11     | Noticed Psyche
 18843 | D:11     | Killed Psyche
 18843 | D:11     | Reached skill level 5 in Stealth
 19310 | D:12     | Reached **** piety under Sif Muna
 19392 | D:12     | Noticed a two-headed ogre
 19402 | D:12     | Killed a two-headed ogre
 19402 | D:12     | Reached skill level 10 in Fighting
 19428 | D:12     | Noticed a two-headed ogre
 19438 | D:12     | Killed a two-headed ogre
 19974 | D:12     | Noticed a two-headed ogre
 19984 | D:12     | Killed a two-headed ogre
 19984 | D:12     | Reached skill level 12 in Unarmed Combat
 20484 | D:12     | Found a runed translucent door.
 20870 | Lair:1   | Entered Level 1 of the Lair of Beasts
 22551 | D:11     | Killed a six-headed hydra
 23606 | Lair:2   | Reached XP level 13. HP: 113/137 MP: 15/17
 23967 | Lair:2   | Reached skill level 10 in Transmutations
 24228 | Lair:2   | Found a staircase to the Shoals.
 24509 | Lair:3   | Found a frozen archway.
 24534 | Lair:3   | Reached ***** piety under Sif Muna
 24552 | IceCv    | Entered an ice cave
 24555 | IceCv    | Identified Dunuidax's Tome of Ice and Calling (Sif Muna
                  | gifted it to you in an ice cave)
 24555 | IceCv    | Received a gift from Sif Muna
 24564 | IceCv    | Learned a level 1 spell: Animate Skeleton
 24566 | IceCv    | Learned a level 1 spell: Apportation
 24568 | IceCv    | Learned a level 1 spell: Confusing Touch
 24572 | IceCv    | Learned a level 3 spell: Ozocubu's Armour
 24602 | IceCv    | Reached skill level 5 in Spellcasting
 24994 | IceCv    | HP: 4/137 [freezing wraith (10)]
 24994 | IceCv    | Slain by a freezing wraith

Skill      XL: |  1  2  3  4  5  6  7  8  9 10 11 12 13 |
---------------+----------------------------------------+-----
Unarmed Combat | 3 4 5 7 8 10 11 12 | 12.8
Transmutations | 3 4 6 8 9 10 | 10.2
Fighting       | 4 8 9 11 | 11.5
Spellcasting   | 3 6 |  6.3
Poison Magic   | 2 |  2.2
Evocations     | 3 |  3.3
Ice Magic      | 2 3 |  3.0
Stealth        | 4 5 |  5.1
Dodging        | |  1.7

Action                   |  1- 3 |  4- 6 |  7- 9 | 10-12 | 13-15 || total
-------------------------+-------+-------+-------+-------+-------++-------
Melee: Unarmed           |   102 |   220 |   397 |   685 |   109 ||  1513
       Kick              |     4 |     6 |     4 |    38 |     3 ||    55
       Punch             |     1 |     1 |     7 |    24 |     3 ||    36
       Headbutt          |     1 |     2 |    13 |    19 |       ||    35
Throw: Stone             |       |       |       |     6 |       ||     6
 Cast: Beastly Appendage |     7 |    14 |    18 |    48 |     2 ||    89
       Spider Form       |     1 |     6 |    17 |    27 |       ||    51
       Sticks to Snakes  |       |       |     5 |     4 |       ||     9
       Blade Hands       |       |       |       |    21 |    12 ||    33
Invok: Divine Energy     |       |       |       |     1 |       ||     1
 Abil: End Transformatio |       |       |       |     1 |       ||     1
Evoke: Wand              |       |       |       |    11 |       ||    11
  Use: Scroll            |     2 |     1 |     8 |    14 |       ||    25
       Potion            |       |       |     2 |     3 |       ||     5
 Stab: Sleeping          |       |       |     2 |     9 |       ||    11
       Distracted        |       |       |     1 |     1 |       ||     2
  Eat: Chunk             |     2 |    11 |    17 |    29 |     3 ||    62
       Ration            |       |       |     2 |     7 |     2 ||    11
Armor: Robe              |    22 |    21 |    29 |    76 |       ||   148
       Skin              |     1 |     5 |     5 |    11 |       ||    22
       Troll leather arm |       |       |       |     7 |    34 ||    41
Dodge: Dodged            |    69 |   134 |   213 |   369 |    37 ||   822
